 Dungeon Crawl Stone Soup version 0.29-a0-1052-g6990b1bffc (webtiles) character file.

Game seed: 2573288592075755672

59 quixfox the Conjurer (level 3, 0/24 HPs)
             Began as a Demonspawn Conjurer on Aug 18, 2022.
             Slain by Natasha (8 damage)
             ... on level 2 of the Dungeon.
             The game lasted 00:03:31 (1673 turns).

quixfox the Conjurer (Demonspawn Conjurer)          Turns: 1673, Time: 00:03:32

Health: 0/24       AC:  3    Str:  7    XL:     3   Next: 78%
Magic:  1/7        EV: 12    Int: 21    God:
Gold:   31         SH:  0    Dex: 11    Spells: 5/8 levels left

rFire   . . .      SeeInvis .   e - +0 dagger
rCold   . . .      Faith    .   (no shield)
rNeg    . . .      Spirit   .   a - +0 robe
rPois   +          Reflect  .   (no helmet)
rElec   .          Harm     .   (no cloak)
rCorr   .          Rampage  .   (no gloves)
Will    .....                   f - +0 pair of boots
Stlth   ++........              (no amulet)
HPRegen 0.08/turn               h - ring of poison resistance
MPRegen 0.10/turn               (no ring)

@: slowed, very slow
A: weakness stinger 1
a: no special abilities


You were on level 2 of the Dungeon.
You visited 1 branch of the dungeon, and saw 2 of its levels.

You collected 31 gold pieces.

Inventory:

Hand Weapons
 e - a +0 dagger (weapon)
Armour
 a - a +0 robe (worn)
 f - a +0 pair of boots (worn)
Jewellery
 h - a ring of poison resistance (left hand)
Scrolls
 c - a scroll of identify {unknown}
 d - a scroll of amnesia {unknown}
 g - a scroll of enchant armour {unknown}
Potions
 b - a potion of magic
 i - 3 potions of lignification {unknown}
 j - a potion of resistance {unknown}


   Skills:
 - Level 1.7 Dodging
 - Level 1.7 Stealth
 + Level 3.1 Spellcasting
 + Level 4.8 Conjurations


You had 5 spell levels left.
You knew the following spells:

 Your Spells              Type           Power      Damage    Failure   Level
a - Magic Dart            Conj           92%        1d7       1%          1
b - Searing Ray           Conj           46%        2d6       2%          2

Your spell library contained the following spells:

 Spells                   Type           Power      Damage    Failure   Level
 Beastly Appendage        Tmut           6%         N/A       13%         1
 Dazzling Flash           Conj/Hex       26%        N/A       14%         3
 Wereblood                Tmut           3%         N/A       21%         2
 Ozocubu's Armour         Ice            3%         N/A       36%         3
 Spider Form              Tmut/Pois      3%         N/A       36%         3
 Fulminant Prism          Conj/Hex       6%         3d7       43%         4
 Iskenderun's Mystic Bla  Conj/Tloc      13%        2d5       43%         4
 Agony                    Necr           3%         N/A       98%         5
 Silence                  Hex/Air        1%         N/A       98%         5
 Ozocubu's Refrigeration  Ice            1%         4d7       100%        7


Dungeon Overview and Level Annotations

Branches:
Dungeon (2/15)

Altars:

Annotations:
D:2 Natasha


Innate Abilities, Weirdness & Mutations

You have a small tail.


Message History

The giant cockroach is severely wounded.
Natasha hisses angrily.
Natasha wildly gestures.
Natasha shimmers violently.
The magic dart hits the giant cockroach but does no damage.
The giant cockroach is severely wounded.
Natasha casts a spell at you. The magic dart hits you.
Natasha casts a spell at you.
You feel yourself slow down.
The giant cockroach attacks as you move away!
The giant cockroach closely misses you. The giant cockroach bites you.
The giant cockroach bites you.
Aiming: Magic Dart (safe; 1% risk of failure)
Press: ? - help, Q - select action, (/) - cycle Shift-Dir - straight line, f/p - giant cockroach
Aim: a giant cockroach (severely wounded, 100% to hit)
The magic dart hits the giant cockroach.
You kill the giant cockroach!
Natasha stares at you and mumbles some strange words.
You feel as though you will be slow longer.
Aiming: Magic Dart (safe; 1% risk of failure)
Press: ? - help, Q - select action, (/) - cycle Shift-Dir - straight line, f - Natasha
Aim: Natasha (100% to hit)
The magic dart hits Natasha.
Natasha is moderately wounded.
Natasha casts a spell at you. You resist with significant effort.
Aiming: Magic Dart (safe; 1% risk of failure)
Press: ? - help, Q - select action, (/) - cycle Shift-Dir - straight line, f/p - Natasha
Aim: Natasha (moderately wounded, 100% to hit)
The magic dart hits Natasha.
Natasha is heavily wounded.
Natasha claws you.
You closely miss Natasha.
Your tail-slap misses Natasha.
Natasha is heavily wounded.
Natasha claws you.
You completely miss Natasha.
Natasha is heavily wounded.
Natasha closely misses you. Natasha claws you!
You die...

#+#.........)
#.#.#..h.....
#.[..<.......
#............
#.###........
#.#..?$...†..
#.#.#......(.
#h#.########.
#@#.# #)#.#
######.#.########
..................
########..########
#<#..# #.#..#
#.#..#
#.#..########


You could see Natasha.

Vanquished Creatures
  An adder (D:2)
  6 endoplasms (D:1)
  2 giant cockroaches
  7 goblins
  A hobgoblin (D:1)
  11 jackals (D:1)
  9 kobolds
  A quokka (D:1)
  A ball python (D:2)
  2 bats (D:1)
  A frilled lizard (D:1)
  A rat (D:1)
43 creatures vanquished.

Vanquished Creatures (others)
  3 fungi (D:1)
  3 plants (D:1)
6 creatures vanquished.

Grand Total: 49 creatures vanquished

Notes
Turn   | Place    | Note
-------+----------+-------------------------------------------
     0 | D:1      | quixfox the Demonspawn Conjurer began the quest for the
                  | Orb.
     0 | D:1      | Reached XP level 1. HP: 13/13 MP: 3/3
   192 | D:1      | Gained mutation: You have a small tail. [demonic ancestry]
   192 | D:1      | Reached XP level 2. HP: 19/19 MP: 1/5
   762 | D:1      | Found a faded altar of an unknown god.
   863 | D:1      | Learned a level 2 spell: Searing Ray
   900 | D:1      | Reached XP level 3. HP: 24/24 MP: 4/7
  1658 | D:2      | Noticed Natasha
  1673 | D:2      | Slain by Natasha

Illustrated notes

Levels and vault maps discovered:
D:1:      lemuel_arrival_rhombus, layout_basic,
          shapermc_ecumenical_altar_acropolis
D:2:      layout_basic, minmay_unequal, uniq_robin, uniq_natasha

Skill      XL: |  1  2  3 |
---------------+----------+-----
Spellcasting   | 3 |  3.1
Dodging        | |  1.7
Stealth        | |  1.7
Conjurations   | |  4.8

Action                   || total
-------------------------++-------
Melee: Dagger            ||    33
       Tailslap          ||     3
 Cast: Magic Dart        ||    79
Armor: Robe              ||    19
Dodge: Dodged            ||    37

Table legend: (Time is in decaauts)
 A = Elapsed time spent in this place.
 B = Non-inter-level travel time spent in this place.
 C = Inter-level travel time spent in this place.
 D = Time resting spent in this place.
 E = Time spent auto-exploring this place.
 F = Levels seen in this place.
 G = Mean time per level.
                   A        B        C        D        E       F      G
               +--------+--------+--------+--------+--------+-----+--------+
         Total |   1676 |   1653 |     23 |    221 |   1134 |   2 |  838.0 |
       Dungeon |   1676 |   1653 |     23 |    221 |   1134 |   2 |  838.0 |
               +--------+--------+--------+--------+--------+-----+--------+

Top non-repeatable levels by time:
     D:1: 1561 daAuts
     D:2: 114 daAuts
